 Dungeon Crawl Stone Soup version 0.31-a0-1278-g11c5b68f87 (webtiles) character file.

Game seed: 10206873629544277537

18979 drugrobin the Basher (level 12, -6/88 HPs)
             Began as a Demigod Delver on Dec 18, 2023.
             Mangled by a skyshark (11 damage)
             ... on level 3 of the Lair of Beasts.
             The game lasted 00:39:09 (17861 turns).

drugrobin the Basher (Demigod Delver)              Turns: 17861, Time: 00:39:10

Health: -6/88      AC: 13    Str: 25    XL:     12   Next: 5%
Magic:  0/15       EV:  7    Int: 16    God:
Gold:   1089       SH:  5    Dex: 21    Spells: 11/11 levels left

rFire   . . .        b - +3 flail (heavy)
rCold   . . .        S - +0 buckler
rNeg    . . .        U - +0 plate armour
rPois   .            i - +0 hat {Will+}
rElec   .            A - +0 cloak
rCorr   .            C - +0 pair of gloves
SInv    .            G - +0 pair of boots
Will    ++...        B - amulet of guardian spirit Stlth
                     t - +6 ring of dexterity
HPRegen 0.34/turn    Q - +4 ring of slaying
MPRegen 0.14/turn

%: guardian spirit
@: no status effects
A: high MP 1, forlorn, divine attributes
a: no special abilities


You were on level 3 of the Lair of Beasts.
You visited 2 branches of the dungeon, and saw 14 of its levels.

You collected 1089 gold pieces.

Inventory:

Hand Weapons
 a - a +0 morningstar of flaming
 b - a +3 heavy flail (weapon)
 c - the +7 dagger "Kootyf" {flame, rElec rF+ rN+ Int-4}
   (You found it on level 3 of the Dungeon)

   Int-4:     It affects your intelligence (-4).
   rF+:       It protects you from fire.
   rElec:     It insulates you from electricity.
   rN+:       It protects you from negative energy.
 d - a +0 dagger of venom
Missiles
 u - 5 javelins (quivered)
 y - 43 poisoned darts
 F - 5 boomerangs
 I - 4 silver javelins
Armour
 i - a +0 hat of willpower (worn)
 A - a +0 cloak (worn)
 C - a +0 pair of gloves (worn)
 G - a +0 pair of boots (worn)
 S - a +0 buckler (worn)
 U - a +0 plate armour (worn)
Magical Staves
 n - a staff of poison
Jewellery
 p - a ring of see invisible
 t - a +6 ring of dexterity (left hand)
 B - an amulet of guardian spirit (around neck)
 Q - a +4 ring of slaying (right hand)
Wands
 g - a wand of digging (11)
 H - a wand of acid (8)
 J - a wand of flame (14)
 P - a wand of iceblast (7)
Scrolls
 l - a scroll of revelation
 m - 5 scrolls of fog
 o - 2 scrolls of fear
 z - 7 scrolls of teleportation {unknown}
 M - 3 scrolls of butterflies
 T - 2 scrolls of poison
 W - 4 scrolls of immolation
 Z - a scroll of vulnerability
Potions
 e - a potion of brilliance
 f - 2 potions of haste
 h - 3 potions of cancellation
 j - 2 potions of enlightenment
 k - 2 potions of attraction
 q - 3 potions of might
 v - 2 potions of heal wounds
 D - a potion of berserk rage {unknown}
 E - 2 potions of curing
 L - a potion of invisibility {unknown}
 O - 2 potions of lignification {unknown}
Miscellaneous
 w - a lightning rod (4/4)


   Skills:
 - Level 2.6 Fighting
 + Level 13.5 Maces & Flails
 - Level 1.7 Dodging
 - Level 4.5 Stealth
 - Level 4.0 Evocations
 + Level 11.6 Shapeshifting


You had 11 spell levels left.
You didn't know any spells.
Your spell library contained the following spells:

 Spells                   Type           Power      Damage    Failure   Level
 Dazzling Flash           Conj/Hex       0%         N/A       100%        3
 Ozocubu's Armour         Ice            0%         N/A       100%        3
 Volatile Blastmotes      Fire/Tloc      0%         2d10      100%        3
 Summon Ice Beast         Ice/Summ       0%         N/A       100%        4
 Metabolic Englaciation   Hex/Ice        0%         N/A       100%        5
 Summon Mana Viper        Hex/Summ       0%         N/A       100%        5
 Simulacrum               Ice/Necr       0%         N/A       100%        6
 Starburst                Conj/Fire      0%         6d3       100%        6
 Monstrous Menagerie      Summ           0%         N/A       100%        7
 Ozocubu's Refrigeration  Ice            0%         4d7       100%        7
 Maxwell's Capacitive Co  Air            0%         ∞         100%        8


Dungeon Overview and Level Annotations

Branches:
Dungeon (11/15)            Temple (0/1) D:6            Lair (3/5) D:10
  Swamp (0/4) Lair:3          Orc (0/2) D:10
  Snake: Lair:2-3    Spider: Lair:2-3

Shops:
D:11 =

Annotations:
D:4 2 transporters, HilariousDeathArtist's ghost, amateur HOBe
D:9 2 exclusions
D:10 2 transporters


Innate Abilities, Weirdness & Mutations

You have an increased reservoir of magic. (+10% MP)
You shall have no god before yourself.
Your divine heritage dramatically boosts your attributes as you level up.


Message History

The skyshark closely misses you.
You bludgeon the skyshark!!
The skyshark is severely wounded.
The skyshark bites you.
The skyshark tastes blood and grows stronger!
The skyshark tail-slaps you! The skyshark tail-slaps you.
Unknown command.
Unknown command.
You barely miss the skyshark.
The skyshark is severely wounded.
The skyshark bites you!!
The skyshark enters a blood-rage!
The skyshark tail-slaps you but does no damage.
The skyshark barely misses you.
Unknown command.
Unknown command.
You bludgeon the skyshark!!
The skyshark is almost dead.
The skyshark closely misses you. The skyshark tail-slaps you!
The skyshark barely misses you. You block the skyshark's attack.
The skyshark barely misses you. The skyshark tail-slaps you.
Unknown command.
Unknown command.
Unknown command.
You barely miss the skyshark.
The skyshark is almost dead.
The skyshark is no longer covered in acid.
The skyshark bites you! The skyshark closely misses you. x2
The skyshark bites you but does no damage.
The skyshark tail-slaps you but does no damage. x2
Unknown command.
Unknown command.
Unknown command.
You hit the skyshark.
The skyshark is almost dead.
You block the skyshark's attack. The skyshark tail-slaps you!
* * * LOW HITPOINT WARNING * * *
You block the skyshark's attack. The skyshark bites you!!
* * * LOW HITPOINT WARNING * * *
The skyshark barely misses you. The skyshark tail-slaps you!
You die...

......###.#...+..........#
....#.####....#..........#
....P................#...#
.......#.P...............#
..........#..............#
....+.....#..........#...########
....#.........#P..###............
..........#........>.............
....#..###......@................
#####...........F.##..#.#........
###..........P#########......
##...(...#.## #...... #.....###.#
#####...... #+...P#
#.######.#........
##..#.####.................
#...#.#..#(..<.........)[..
#§≈##.......(...........##..#


You could see a skyshark (berserk).

Vanquished Creatures
  Gastronok (D:10)
  Erica (D:10)
  A two-headed ogre (D:11)
  2 ugly things (D:11)
  A salamander (Lair:3)
  A cyclops (D:11)
  A black mamba (Lair:1)
  Maurice (D:10)
  5 cane toads
  A gargoyle (D:11)
  5 komodo dragons
  2 kobold demonologists (D:11)
  A rime drake (D:10)
  A polar bear (D:10)
  Grinder (D:3)
  3 blink frogs (Lair:2)
  3 wyverns
  10 yaks
  A vampire (D:10)
  A wraith (D:10)
  3 basilisks
  A steam dragon (D:6)
  An acid dragon (D:10)
  6 water moccasins
  6 orc warriors
  A sky beast (D:6)
  3 black bears
  5 ice beasts
  13 wolves
  6 centaurs
  3 kobold brigands
  7 bullfrogs
  4 gnoll sergeants
  6 scorpions
  4 wights (D:9)
  18 killer bees
  6 howler monkeys
  An electric eel (D:11)
  4 jellies
  7 orc priests
  A sleepcap (D:5)
  An iguana (D:5)
  13 orc wizards
  8 adders
  20 gnolls
  2 shadow imps
  2 white imps
  4 ufetubi (D:4)
  A worm (D:3)
  3 dart slugs
  32 orcs
  9 ball pythons
  4 endoplasms
  4 goblins
  3 hobgoblins
  2 jackals
  2 quokkas
  7 bats
  3 frilled lizards
  15 kobolds
  3 rats
287 creatures vanquished.

Vanquished Creatures (others)
  A lava snake (D:11)
1 creature vanquished.

Grand Total: 288 creatures vanquished

Notes
Turn   | Place    | Note
-------+----------+-------------------------------------------
     0 | D:5      | drugrobin the Demigod Delver began the quest for the Orb.
     0 | D:5      | Reached XP level 1. HP: 18/18 MP: 3/3
    10 | D:5      | Noticed an orc wizard
    10 | D:5      | Noticed an orc wizard
    28 | D:5      | Noticed a scorpion
    80 | D:3      | Identified the +7 dagger "Kootyf" {flame, rElec rF+ rN+
                  | Int-4}
   118 | D:3      | Reached skill level 2 in Maces & Flails
   118 | D:3      | Reached XP level 2. HP: 6/25 MP: 4/4
   436 | D:3      | Reached skill level 3 in Maces & Flails
  1035 | D:1      | Reached XP level 3. HP: 30/30 MP: 5/5
  1516 | D:2      | Identified the staff of Vaime {Int+3 Earth}
  2183 | D:3      | Reached skill level 1 in Shapeshifting
  2183 | D:3      | Reached XP level 4. HP: 32/37 MP: 6/6
  2330 | D:3      | Reached skill level 4 in Maces & Flails
  2361 | D:3      | Noticed Grinder
  2545 | D:4      | Noticed a water moccasin
  2545 | D:4      | Noticed HilariousDeathArtist's ghost (amateur HOBe)
  2546 | D:4      | Found a transporter.
  2625 | D:4      | Reached XP level 5. HP: 24/42 MP: 7/7
  3153 | D:4      | Found a transporter.
  3771 | D:3      | Killed Grinder
  3772 | D:3      | Reached skill level 5 in Maces & Flails
  3772 | D:3      | Reached XP level 6. HP: 21/50 MP: 3/8
  4307 | D:5      | Reached skill level 6 in Maces & Flails
  4320 | D:5      | Reached skill level 1 in Evocations
  4323 | D:5      | Reached XP level 7. HP: 56/56 MP: 9/9
  4824 | D:5      | Reached skill level 7 in Maces & Flails
  5218 | D:6      | Found a staircase to the Ecumenical Temple.
  5261 | D:6      | Reached XP level 8. HP: 60/62 MP: 10/10
  5749 | D:7      | Reached skill level 8 in Maces & Flails
  6264 | D:7      | Reached skill level 5 in Shapeshifting
  6585 | D:7      | Reached XP level 9. HP: 67/68 MP: 11/11
  6687 | D:7      | Reached skill level 9 in Maces & Flails
  7147 | D:8      | Identified the +1 chain mail "Lyvoidd" {-Tele rN+ Int+5}
  8045 | D:8      | Reached skill level 10 in Maces & Flails
  9905 | D:10     | Entered Level 10 of the Dungeon
  9957 | D:10     | Noticed Erica
 10236 | D:10     | Reached skill level 11 in Maces & Flails
 10236 | D:10     | Reached XP level 10. HP: 69/74 MP: 13/13
 10309 | D:10     | Noticed Gastronok
 10565 | D:10     | Found a staircase to the Lair.
 10843 | D:10     | Found a transporter.
 10965 | D:10     | Killed Erica
 10966 | D:10     | Reached skill level 12 in Maces & Flails
 11104 | D:10     | Found a transporter.
 11302 | D:10     | Noticed Maurice
 11313 | D:10     | Killed Maurice
 11437 | D:10     | Found a transporter.
 11586 | D:10     | Killed Gastronok
 11790 | D:10     | Found a staircase to the Orcish Mines.
 11889 | D:10     | Found a transporter.
 12272 | D:11     | Noticed a two-headed ogre
 12274 | D:11     | Noticed a two-headed ogre
 12584 | D:11     | Noticed a white ugly thing
 12602 | D:11     | Killed a white ugly thing
 12603 | D:11     | Reached XP level 11. HP: 60/81 MP: 10/14
 12685 | D:11     | Killed a two-headed ogre
 12695 | D:11     | Found Kicrouz's Jewellery Shop.
 12784 | D:11     | Reached skill level 10 in Shapeshifting
 13751 | Lair:1   | Entered Level 1 of the Lair of Beasts
 16209 | Lair:2   | HP: 4/81 [poisoned by a cane toad]
 16224 | Lair:2   | Reached skill level 13 in Maces & Flails
 17080 | Lair:3   | Found a staircase to the Swamp.
 17179 | Lair:3   | Reached XP level 12. HP: 56/88 MP: 10/15
 17861 | Lair:3   | Mangled by a skyshark

Illustrated notes

Levels and vault maps discovered:
D:1:      elethiomel_arrival_quiet, layout_basic, hangedman_glass_teeth,
          minmay_misc_feat_rugged, minmay_hexomino_u4
D:2:      layout_basic, chequers_serial_rivers_micro_d
D:3:      layout_basic, nemelex_xobeh_ov_fountains_minmay, jmf_multi_god_temple,
          minmay_quadrilaterals, uniq_grinder
D:4:      layout_layer_cave, bloody_makhleb, mainiacjoe_overflow_alcove_4,
          gammafunk_ghost_arena
D:5:      black_bear_nest_2, layout_gridville, kennysheep_mini,
          chequers_serial_rivers_small_3
D:6:      layout_cave_pools, nicolae_overflow_crystal_walls,
          minmay_temple_entry_slanted
D:7:      layout_rooms
D:8:      layout_basic
D:9:      nicolae_whirlpool, layout_basic, serial_aquarium,
          aquarium_bridge_straight [aquarium_subvault_bridge,
          aquarium_subvault_window, aquarium_subvault_bridge,
          aquarium_subvault_balcony], aquarium_bridge_straight
          [aquarium_subvault_bridge, aquarium_subvault_window,
          aquarium_subvault_bridge, aquarium_subvault_window],
          aquarium_window_fake, aquarium_window_1, aquarium_view_2f,
          aquarium_view_2a, aquarium_balcony_double_4, aquarium_pool_2
D:10:     layout_loops_cross, elyvilon_altar_1, hellmonk_lair_entry_icy,
          david_orc_4, nicolae_diode_intersection, uniq_gastronok, uniq_maurice,
          uniq_erica
D:11:     layout_loops_ring, serial_bayou_pond_e,
          minmay_shop_enchanted_jewellery, nicolae_lava_and_water,
          nicolae_zen_rock_garden, serial_library_regret_index_multi,
          st_stairs_2
Lair:1:   layout_misc_corridors, grunt_megastairs_2, infiniplex_staircase_pool_2
Lair:2:   layout_regular_city
Lair:3:   nzn_winding_woodlands_medium [nzn_winding_woodlands_5x5_checkerboard,
          nzn_winding_woodlands_5x15_lazy_stream,
          nzn_winding_woodlands_hourglass, nzn_winding_woodlands_5x5_default,
          nzn_winding_woodlands_center_triple_pond,
          nzn_winding_woodlands_5x5_open_star, nzn_winding_woodlands_5x5_three,
          nzn_winding_woodlands_5x15_default,
          nzn_winding_woodlands_5x5_perimeter], layout_chaotic_city, swamp_mist,
          nicolae_snake_entry_warm_welcome, ebering_ghost_reflecting_pool,
          nicolae_lair_lindhole

Skill      XL: |  1  2  3  4  5  6  7  8  9 10 11 |
---------------+----------------------------------+-----
Maces & Flails | 2 3 4 5 6 7 8 11 12 13 | 13.5
Shapeshifting  | 1 2 3 5 6 9 11 | 11.6
Evocations     | 1 2 4 |  4.0
Fighting       | |  2.6
Dodging        | |  1.7
Stealth        | |  4.5

Action                     |  1- 3 |  4- 6 |  7- 9 | 10-12 || total
---------------------------+-------+-------+-------+-------++-------
  Melee: Dagger            |    67 |    50 |    58 |     9 ||   184
         Mace              |     2 |       |       |       ||     2
         Punch             |     1 |     1 |       |       ||     2
         Flail             |       |       |   259 |   267 ||   526
         Morningstar       |       |       |       |    72 ||    72
   Fire: Shortbow          |     6 |       |       |       ||     6
         Arbalest          |       |    19 |    66 |       ||    85
  Throw: Javelin           |       |       |     2 |    15 ||    17
         Dart              |       |       |     1 |     2 ||     3
         Throwing net      |       |       |       |     1 ||     1
  Evoke: Wand              |       |       |    16 |    28 ||    44
         Lightning rod     |       |       |       |     3 ||     3
    Use: Scroll            |     2 |       |    12 |     7 ||    21
         Potion            |       |       |     4 |     4 ||     8
   Stab: Sleeping          |     4 |     4 |       |       ||     8
         Distracted        |       |     1 |     2 |       ||     3
         Paralysed         |       |       |     4 |     6 ||    10
 Armour: Leather armour    |    26 |    27 |    12 |       ||    65
         Scale mail        |       |       |    95 |       ||    95
         Plate armour      |       |       |   120 |   332 ||   452
         Chain mail        |       |       |    59 |       ||    59
  Dodge: Dodged            |    37 |    32 |   159 |   116 ||   344
  Block: Buckler           |       |       |    61 |    87 ||   148

Table legend: (Time is in decaauts)
 A = Elapsed time spent in this place.
 B = Non-inter-level travel time spent in this place.
 C = Inter-level travel time spent in this place.
 D = Time resting spent in this place.
 E = Time spent auto-exploring this place.
 F = Levels seen in this place.
 G = Mean time per level.
                   A        B        C        D        E       F      G
               +--------+--------+--------+--------+--------+-----+--------+
         Total |  18043 |  17126 |    917 |   3584 |  10000 |  14 | 1288.8 |
       Dungeon |  13918 |  13230 |    688 |   2160 |   8076 |  11 | 1265.3 |
          Lair |   4125 |   3896 |    229 |   1423 |   1923 |   3 | 1375.0 |
               +--------+--------+--------+--------+--------+-----+--------+

Top non-repeatable levels by time:
     D:9: 2036 daAuts
    D:10: 1866 daAuts
    D:11: 1698 daAuts
  Lair:2: 1604 daAuts
  Lair:1: 1569 daAuts
     D:4: 1413 daAuts
     D:7: 1354 daAuts
     D:8: 1189 daAuts
     D:3: 1161 daAuts
     D:5: 999 daAuts
  Lair:3: 951 daAuts
     D:2: 849 daAuts
     D:1: 815 daAuts
     D:6: 532 daAuts
